 Dungeon Crawl Stone Soup version 0.25.0-1-g7eea58d (webtiles) character file.

Game seed: 8873248570284003806

461 auberdahn the Ruffian (level 6, -4/54 HPs)
             Began as a Troll Wizard on June 22, 2020.
             Shot with an arrow by a centaur (16 damage)
             ... on level 4 of the Dungeon.
             The game lasted 00:02:59 (2708 turns).

auberdahn the Ruffian (Troll Wizard)                Turns: 2708, Time: 00:02:59

Health: -4/54      AC:  6    Str: 16    XL:     6   Next: 79%
Magic:  8/8        EV:  9    Int: 16    God:
Gold:   130        SH:  0    Dex:  8    Spells: 8/9 levels left

rFire    . . .     SeeInvis .     - Unarmed
rCold    . . .     Gourm    +   (no shield)
rNeg     . . .     Faith    .   a - +0 robe
rPois    .         Spirit   .   b - +0 hat
rElec    .         Reflect  .   (no cloak)
rCorr    .         Harm     .   (gloves unavailable)
MR       .....     Rnd*Tele +   (boots unavailable)
Stlth    +.........             (no amulet)
HPRegen  0.58/turn              m - ring of teleportation (curse)
MPRegen  0.11/turn              (no ring)

@: lethally poisoned (-4 -> -5)
A: large, unfitting armour, claws 3, fast metabolism 3, gourmand, regeneration
1, shaggy fur 1, tough skin 3
a: no special abilities


You were on level 4 of the Dungeon.
You were full.

You visited 1 branch of the dungeon, and saw 4 of its levels.

You collected 130 gold pieces.

Inventory:

Armour
 a - a +0 robe (worn)
 b - a +0 hat (worn)
 x - a +0 kite shield
Jewellery
 m - a cursed ring of teleportation (left claw)
Wands
 v - a wand of disintegration (7)
Scrolls
 f - 2 scrolls of fear {unknown}
 i - 3 scrolls of amnesia {unknown}
 j - 5 scrolls of identify {unknown}
 k - a scroll of remove curse {unknown}
 l - a scroll of noise {unknown}
 n - a scroll of blinking {unknown}
 o - 2 scrolls of magic mapping {unknown}
 r - a scroll of teleportation {unknown}
 s - a scroll of fog {unknown}
 t - a scroll of enchant armour {unknown}
 w - a scroll of enchant weapon {unknown}
Potions
 c - a potion of ambrosia {unknown}
 e - a potion of degeneration {unknown}
 g - 2 potions of mutation {unknown}
 h - 2 potions of flight {unknown}
 p - 4 potions of curing {unknown}
 q - a potion of brilliance {unknown}
 u - a potion of heal wounds {unknown}
Comestibles
 d - 12 rations {!d}


   Skills:
 + Level 0.3 Fighting
 - Level 1.5 Dodging
 - Level 1.0 Stealth
 + Level 0.3 Shields
 * Level 6.9 Unarmed Combat
 - Level 2.0 Spellcasting
 - Level 0.6 Conjurations
   Level 0.6 Summonings
   Level 0.6 Translocations


You had 8 spell levels left.
You knew the following spells:

 Your Spells              Type           Power        Failure   Level  Hunger
a - Magic Dart            Conj           #...         16%         1    #......

Your spell library contained the following spells:

 Spells                   Type           Power        Failure   Level  Hunger
 Apportation              Tloc           #.....       16%         1    #......
 Summon Small Mammal      Summ           #...         16%         1    #......
 Animate Skeleton         Necr           N/A          21%         1    #......
 Corona                   Hex            #......      21%         1    #......
 Blink                    Tloc           N/A          24%         2    ###....
 Call Imp                 Summ           #.......     24%         2    ###....
 Slow                     Hex            #.......     30%         2    ###....
 Conjure Flame            Conj/Fire      #.......     50%         3    ###....
 Mephitic Cloud           Conj/Pois/Air  #.......     50%         3    ###....


Dungeon Overview and Level Annotations

Branches:
Dungeon (4/15)
 Temple: D:4-7

Altars:
Hepliaklqana
Makhleb
Sif Muna
Xom
Zin

Annotations:
D:3 1 exclusion
D:4 Blork the orc


Innate Abilities, Weirdness & Mutations

You are too large for most types of armour.
You have claws for hands.
Your metabolism is lightning-fast.
You like to eat raw meat.
Your natural rate of healing is unusually fast.
You are covered in fur. (AC +1)
You have extremely tough skin. (AC +3)


Message History

The orc is lightly wounded.
The orc barely misses you.
You feel sick.
You feel sick.
You feel sick.
You feel sick.
You feel sick.
The worker ant waves its antennae.
You feel sick.
You see here a ring mail.
You feel sick. The orc barely misses you.
You feel sick.
The centaur shoots an arrow.
The arrow hits you!
* * * LOW HITPOINT WARNING * * *
The centaur shoots an arrow.
The arrow hits you but does no damage.
You see here an arrow.
You claw the orc!
You kill the orc!
The centaur shoots an arrow.
The arrow hits you!
You die...

≈ #{# #.##..#..#.# ..
##c# #.##.o...#.#
.≈.#.o### #.###.#..#.#
≈.≈..)..# #.###.#..#.#
.≈....#.###......c...#
...≈..#.......)....#.#
≈.≈.≈.# ###.#####(##.#
...≈.## #..####)##.#
.≈.... ### #.#..@.##.#
≈.≈... ..###.....##.#
%≈.... #.#.#..####.#
#..........#
#.##..###### #.##..#
#.##..# #.##..# #.#
..#


You could see a centaur.

Vanquished Creatures
  A phantom (D:4)
  A scorpion (D:4)
  A howler monkey (D:2)
  3 hounds
  Jessica (D:2)
  Robin (D:3)
  7 adders
  3 worms
  3 leopard geckos (D:1)
  2 orcs (D:4)
  5 giant cockroaches
  11 goblins
  9 hobgoblins
  11 jackals
  2 ball pythons
  8 bats
  3 frilled lizards
  6 kobolds
  7 rats
85 creatures vanquished.

Notes
Turn   | Place    | Note
-------+----------+-------------------------------------------
     0 | D:1      | auberdahn the Troll Wizard began the quest for the Orb.
     0 | D:1      | Reached XP level 1. HP: 16/16 MP: 2/2
    44 | D:1      | Reached skill level 1 in Unarmed Combat
   103 | D:1      | Reached XP level 2. HP: 22/24 MP: 4/4
   164 | D:1      | Reached skill level 2 in Unarmed Combat
   238 | D:1      | Reached XP level 3. HP: 24/31 MP: 5/5
   611 | D:2      | Reached skill level 3 in Unarmed Combat
   746 | D:2      | Reached skill level 4 in Unarmed Combat
   746 | D:2      | Reached XP level 4. HP: 35/39 MP: 6/6
   746 | D:2      | Noticed Jessica
   750 | D:2      | Killed Jessica
   782 | D:2      | Reached skill level 5 in Unarmed Combat
   782 | D:2      | Reached XP level 5. HP: 36/45 MP: 7/7
   981 | D:2      | Found a burning altar of Makhleb.
  1366 | D:3      | Found a shimmering blue altar of Sif Muna.
  1458 | D:3      | Found a shimmering altar of Xom.
  1464 | D:3      | Found a hazy altar of Hepliaklqana.
  1465 | D:3      | Noticed a spectral ugly thing
  1540 | D:3      | Found a glowing silver altar of Zin.
  2039 | D:3      | Noticed Robin
  2042 | D:3      | Killed Robin
  2100 | D:3      | Found a shimmering blue altar of Sif Muna.
  2399 | D:4      | Reached skill level 6 in Unarmed Combat
  2399 | D:4      | Reached XP level 6. HP: 48/53 MP: 8/8
  2658 | D:4      | Noticed Blork the orc
  2708 | D:4      | Shot with an arrow by a centaur

Illustrated notes

Levels and vault maps discovered:
D:1:      giann_horns, layout_basic
D:2:      layout_loops_ring, hangedman_glass_teeth, makhleb_heckhound_becter,
          uniq_jessica
D:3:      layout_loops_corners, regret_index_temple_of_mockery, zin_scriptorium,
          lemuel_crystal_altar, led_sif_book, uniq_robin
D:4:      layout_loops_ring, serial_forest, infiniplex_forest_corner_2,
          infiniplex_forest_straight_2, infiniplex_forest_clump_medium,
          infiniplex_forest_straight_2, first_ration, kennysheep_doodads,
          uniq_blork_the_orc

Skill      XL: |  1  2  3  4  5 |
---------------+----------------+-----
Unarmed Combat | 1 2 4 5 6 |  6.9
Fighting       | |  0.3
Dodging        | |  1.5
Stealth        | |  1.0
Shields        | |  0.3
Spellcasting   | |  2.0
Conjurations   | |  0.6
Summonings     | |  0.6
Translocations | |  0.6

Action                   |  1- 3 |  4- 6 || total
-------------------------+-------+-------++-------
Melee: Unarmed           |   119 |   125 ||   244
       Punch             |       |     2 ||     2
 Stab: Sleeping          |     1 |       ||     1
  Eat: Chunk             |    12 |    15 ||    27
Armor: Robe              |    76 |    48 ||   124
Dodge: Dodged            |    68 |    48 ||   116
